AoeStats
← fixgamesdp

Arabian Desert

510390072Analyzed
1v1 RM · 13h ago on Sep 30, 2026· 26m 35s· 2 players
Game mode
Random Map
Map size
Tiny (2 player)
Population
200
Speed
Normal
Resources
Standard
Victory
Conquest
Starting age
Dark Age
Ending age
Imperial Age
RankedLock teamsTeams togetherTeam positionsShared explorationLock speedFull tech treeHidden civsTurbo modeCheats
Victory
Defeat
🇦🇷 Goths · Argentina
229
+15
🇫🇷 Goths · France
203
-15
tom.mallet
1:05 Loom
21:30 Feudal Age
22:52 Wheelbarrow
23:50 Man-at-Arms
fixgamesdp
2:08 Loom
11:25 Feudal Age
12:46 Man-at-Arms
14:48 Forging
14:54 Scale Mail Armor
14:52 Double-Bit Axe
16:32 Horse Collar
17:04 Town Watch
23:55 Castle Age
23:02 Padded Archer Armor
22:53 Fletching
25:46 Iron Casting
25:27 Chain Mail Armor
26:18 Gold Mining
25:53 Long Swordsman
26:34 Squires
26:52 Heavy Plow
Connection lost

Rejoining the realm…

Still unreachable

The connection could not be restored.

Session expired

The server has moved on; the page needs a fresh start.